 Dungeon Crawl Stone Soup version 0.19.5 (webtiles) character file.

408 tidbits the Shooter (level 6, 8/42 HPs)
             Began as a High Elf Wanderer on Oct 31, 2017.
             Was an Initiate of Okawaru.
             Quit the game on level 6 of the Dungeon.
             The game lasted 00:15:09 (2097 turns).

tidbits the Shooter (High Elf Wanderer)             Turns: 2097, Time: 00:15:09

Health: 8/42       AC:  5    Str: 14    XL:     6   Next: 57%
Magic:  8/8        EV: 12    Int: 13    God:    Okawaru [......]
Gold:   150        SH:  0    Dex: 17    Spells: 0 memorised, 5 levels left

rFire  . . .     SeeInvis .     b - +0 shortbow
rCold  . . .     Gourm    .     B - +0 ring mail
rNeg   . . .     Faith    .     (shield currently unavailable)
rPois  .         Spirit   .     (no helmet)
rElec  .         Reflect  .     (no cloak)
rCorr  .         Harm     .     (no gloves)
MR     .....                    (no boots)
Stlth  ++........               (no amulet)
                                (no ring)
                                (no ring)

@: flying, very slightly contaminated
A: no striking features
a: Renounce Religion


You were on level 6 of the Dungeon.
You worshipped Okawaru.
Okawaru was noncommittal.
You were very hungry.

You visited 2 branches of the dungeon, and saw 7 of its levels.

You collected 150 gold pieces.

Inventory:

Hand Weapons
 a - a +2 dagger
 b - a +0 shortbow (weapon)
 i - a +0 long sword
   (You found it on level 2 of the Dungeon)
 k - a +0 battleaxe
   (You took it off Blork the orc on level 4 of the Dungeon)
 l - a +0 rapier
   (You found it on level 3 of the Dungeon)
 m - a +0 whip of electrocution
   (You found it on level 2 of the Dungeon)
 o - a +0 quarterstaff
   (You found it on level 2 of the Dungeon)
 t - a +2 hunting sling of velocity
   (You found it on level 3 of the Dungeon)
Missiles
 d - 40 arrows (quivered)
 p - 45 bolts
 q - 37 stones
Armour
 e - a cursed +0 buckler
   (You found it on level 1 of the Dungeon)
 B - a +0 ring mail (worn)
Wands
 s - a wand of random effects (11/48)
   (You found it on level 3 of the Dungeon)
Scrolls
 r - a scroll of remove curse
 v - a scroll of amnesia {unknown}
 w - a scroll of noise {unknown}
Potions
 u - a potion of degeneration
Comestibles
 c - 3 bread rations
 g - 4 meat rations
 h - 2 royal jellies
 n - a beef jerky


   Skills:
 - Level 3.0 Fighting
 - Level 4.4 Long Blades
 - Level 6.2 Bows
 - Level 1.9 Armour
 - Level 3.8 Dodging
 - Level 2.1 Stealth
 + Level 1.5 Invocations


You had 5 spell levels left.
You didn't know any spells.

Dungeon Overview and Level Annotations

Branches:
Dungeon (6/15)             Temple (1/1) D:5

Altars:
Ashenzari
Elyvilon
Fedhas
Hepliaklqana
Kikubaaqudgha
Nemelex Xobeh
Okawaru
Ru
Vehumet
Xom
Yredelemnul
The Shining One

Annotations:
D:5 tidbits's ghost, amateur HEWn


Message History

Press: ? - help, Shift-Dir - straight line, f/p - orc
Aim: an orc You shoot an arrow.
The arrow closely misses the hound.
The arrow barely misses the orc.
The hound bites you but does no damage.
Firing (i - inventory. (,) - cycle):
d - 44 arrows (quivered)
Press: ? - help, Shift-Dir - straight line, f/p - orc
Aim: an orc You shoot an arrow.
The arrow misses the hound.
The arrow closely misses the orc.
The hound bites you.
* * * LOW HITPOINT WARNING * * *
The hound closely misses you.
Evoke which item? (* to show all) (? for menu, Esc to quit)
Zapping:
s - a wand of random effects (12/48)
Press: ? - help, Shift-Dir - straight line, f/p - orc
Aim: an orc The hound seems to speed up.
This wand has 11 charges left.
You feel sick. The hound bites you.
* * * LOW HITPOINT WARNING * * *
The hound bites you.
* * * LOW HITPOINT WARNING * * *
As you read the scroll of teleportation, it crumbles to dust.
You feel strangely unstable. The hound barely misses you. The hound misses you.
The hound misses you.
Your surroundings suddenly seem different.
Found 14 arrows.
A leopard gecko, 3 jackals and a skeleton come into view.
Wield which item (- for none, * to show all)? (? for menu, Esc to quit)
a - a +2 dagger (weapon)
You feel sick.
The leopard gecko hisses angrily.
The leopard gecko bites you but does no damage.
You hit the leopard gecko.
The leopard gecko is almost dead.
The leopard gecko bites you.
* * * LOW HITPOINT WARNING * * *
It was a potion of flight.
You feel very buoyant.
You fly up into the air.
The jackal barks!
The jackal closely misses you. The leopard gecko bites you.
* * * LOW HITPOINT WARNING * * *
An adder comes into view.
The leopard gecko bites you but does no damage.
The jackal barely misses you.
Found a bread ration and a metallic puce potion.
You feel sick.
You are no longer poisoned.
Okay, then.
Unknown command.
Blink to where?
Press: ? - help, Dir - move target cursor You are very lightly contaminated with residual magic.
As you read the scroll of blinking, it crumbles to dust.
b - a +0 shortbow (weapon)
Found an amethyst potion.
Found a stone staircase leading down.
A hound comes into view.
The hound barks!
The leopard gecko skeleton closely misses you.
The leopard gecko bites you.
* * * LOW HITPOINT WARNING * * *
There is a stone staircase leading down here.
The leopard gecko skeleton barely misses you.
The leopard gecko closely misses you.
You fly downwards. 2 jackals and a skeleton come into view.
The jackal barks!
Found a scroll labeled PIRPHADIARA.
There is a stone staircase leading up here.
Firing (i - inventory. (,) - cycle):
d - 43 arrows (quivered)
Press: ? - help, Shift-Dir - straight line, f - leopard gecko
Aim: a leopard gecko (almost dead)
You shoot an arrow.
The arrow barely misses the leopard gecko.
The jackal barks!
The leopard gecko bites you but does no damage.
A jackal comes into view.
Firing (i - inventory. (,) - cycle):
d - 42 arrows (quivered)
Press: ? - help, Shift-Dir - straight line, f/p - leopard gecko
Aim: a leopard gecko (almost dead)
You shoot an arrow.
The arrow closely misses the leopard gecko.
The jackal barks!
The leopard gecko closely misses you.
A jackal and a zombie come into view.
Firing (i - inventory. (,) - cycle):
d - 41 arrows (quivered)
Press: ? - help, Shift-Dir - straight line, f/p - leopard gecko
Aim: a leopard gecko (almost dead)
You shoot an arrow. The arrow hits the leopard gecko.
You kill the leopard gecko!
Okawaru accepts your kill. The hound skeleton barely misses you.
An ice beast comes into view.
Okay, then.
Why would you want to do that?
There are monsters nearby!
Unknown command.
Why would you want to do that?
Okay, then.
Unknown command.
Are you sure you want to abandon this character and quit the game? (Confirm with "yes".)

##......Y.
.....?..h.
#.....Z.#
#.....h.#
#.....hh#
#.......#
#....Z..#
#...(@.#
##.....#
#######


You could see an ice beast (wandering), a hound zombie, 4 jackals and a hound
skeleton.

Vanquished Creatures
  The ghost of tidbits the Cutter, an amateur HEWn of Ashenzari (D:3)
  Blork the orc (D:4)
  A hound (D:4)
  An orc priest (D:4)
  An orc wizard (D:4)
  An iguana (D:4)
  A worker ant (D:5)
  A hound skeleton (D:4)
  4 adders
  A shadow imp (D:5)
  An ooze (D:2)
  A leopard gecko (D:6)
  11 orcs
  2 giant cockroaches (D:2)
  5 goblins
  3 hobgoblins
  4 jackals (D:2)
  2 quokkas
  A ball python skeleton (D:4)
  2 bats (D:2)
  8 frilled lizards
  6 kobolds
  4 rats
63 creatures vanquished.

Notes
Turn   | Place    | Note
-------+----------+-------------------------------------------
     0 | D:1      | tidbits the High Elf Wanderer began the quest for the Orb.
     0 | D:1      | tidbits set off with: a +2 dagger, a scroll of blinking, a +0 shortbow, 26 arrows, a +0 ring mail, a bread ration
     0 | D:1      | Reached XP level 1. HP: 16/16 MP: 2/2
   285 | D:2      | Reached XP level 2. HP: 21/21 MP: 3/3
   341 | D:3      | Reached skill level 5 in Bows
   472 | D:2      | Reached XP level 3. HP: 20/26 MP: 4/4
   650 | D:2      | Reached skill level 6 in Bows
   880 | D:3      | Noticed tidbits's ghost (amateur HEWn)
   904 | D:3      | Killed tidbits's ghost
   904 | D:3      | Reached skill level 2 in Long Blades
   904 | D:3      | Reached skill level 2 in Dodging
   904 | D:3      | Reached XP level 4. HP: 11/31 MP: 5/5
   904 | D:3      | Reached XP level 5. HP: 13/36 MP: 6/6
  1280 | D:4      | Noticed Blork the orc
  1302 | D:4      | Killed Blork the orc
  1302 | D:4      | Reached skill level 3 in Long Blades
  1302 | D:4      | Reached skill level 3 in Dodging
  1381 | D:4      | Reached XP level 6. HP: 6/42 MP: 7/7
  1480 | D:4      | Reached skill level 4 in Long Blades
  1647 | D:5      | Entered Level 5 of the Dungeon
  1647 | D:5      | Noticed tidbits's ghost (amateur HEWn)
  1658 | D:5      | Found a staircase to the Ecumenical Temple.
  1667 | Temple   | Entered the Ecumenical Temple
  1992 | Temple   | Became a worshipper of Warmaster Okawaru
  1993 | Temple   | bore bore bore
  2058 | D:5      | Reached skill level 1 in Invocations
  2097 | D:6      | Noticed an ice beast
  2097 | D:6      | Quit the game

Skill      XL: |  1  2  3  4  5  6 |
---------------+-------------------+-----
Bows           | 5 6 |  6.2
Long Blades    | 2 3 4 |  4.4
Dodging        | 2 3 |  3.8
Invocations    | 1 |  1.5
Fighting       | |  3.0
Armour         | |  1.9
Stealth        | |  2.1

Action                   |  1- 3 |  4- 6 || total
-------------------------+-------+-------++-------
Melee: Dagger            |    43 |    24 ||    67
 Fire: Shortbow          |    64 |   118 ||   182
Throw: Stone             |       |     1 ||     1
Evoke: Wand              |       |     7 ||     7
  Use: Scroll            |     3 |     4 ||     7
       Potion            |     2 |     4 ||     6
 Stab: Sleeping          |     1 |       ||     1
  Eat: Chunk             |       |     3 ||     3
Armor: Ring mail         |    22 |    24 ||    46
Dodge: Dodged            |    23 |    62 ||    85

Table legend:
 A = Turns spent in this place as a percentage of turns spent in the entire game.
 B = Non-inter-level travel turns spent in this place as a percentage of non-inter-level travel turns spent in the entire game.
 C = Inter-level travel turns spent in this place as a percentage of turns spent in this place.
 D = Turns resting spent in this place as a percentage of non-inter-level travel turns spent in this place.
 E = Turns spent auto-exploring this place as a percentage of non-inter-level travel turns spent in this place.
 F = Non-inter-level travel turns spent in this place divided by the number of levels of this place that you've seen.
                   A       B       C       D       E      F
               +-------+-------+-------+-------+-------+----------------------
         Total | 100.0 | 100.0 |   0.1 |   0.1 |   0.9 | 199.3
       Dungeon |  97.9 |  98.1 |   0.0 |   0.1 |   0.0 | 228.0
        Temple |   2.1 |   1.9 |   6.9 |   0.0 |  48.1 |  27.0
               +-------+-------+-------+-------+-------+----------------------

Table legend:
 A = Kills in this place as a percentage of kills in entire the game.
 B = Kills by you in this place as a percentage of kills by you in the entire game.
 C = Kills by friends in this place as a percentage of kills by friends in the entire game.
 D = Other kills in this place as a percentage of other kills in the entire game.
 E = Experience gained in this place as a percentage of experience gained in the entire game.
 F = Experience gained in this place divided by the number of levels of this place that you have seen.
                   A       B       C       D       E      F
               +-------+-------+-------+-------+-------+----------------------
         Total | 100.0 | 100.0 |  -nan |  -nan | 100.0 |  83.4
       Dungeon | 100.0 | 100.0 |  -nan |  -nan | 100.0 |  97.3
               +-------+-------+-------+-------+-------+----------------------

Vault maps used:
D:1:      shiori_arrival_oz
D:2:      minmay_pentomino_z2
D:3:      zin_academy
D:4:      uniq_blork_the_orc
D:5:      minmay_temple_entry_large_hall, first_bread,
          corexii_mini_fake_secret_closet
D:6:      grunt_qazlal_clouds, uniq_grinder, uniq_crazy_yiuf_cottage,
          uniq_edmund
Temple:   minmay_temple_forest_path
